 Dungeon Crawl Stone Soup version 0.31-a0-220-gc2f4f3cf83 (webtiles) character file.

Game seed: 658447674197967439

91 qw the Shooter (level 4, -1/26 HPs)
             Began as a Gargoyle Hexslinger on July 3, 2023.
             Slain by a ball python (2 damage)
             ... on level 2 of the Dungeon.
             The game lasted 00:00:36 (1580 turns).

qw the Shooter (Gargoyle Hexslinger)                Turns: 1580, Time: 00:00:37

Health: -1/26      AC:  8    Str: 11    XL:     4   Next: 59%
Magic:  5/5        EV:  7    Int: 14    God:
Gold:   55         SH:  0    Dex: 14    Spells: 4/5 levels left

rFire   . . .        Y - +1 sling (heavy)
rCold   . . .        (no shield)
rNeg    + . .        f - +0 ring mail
rPois   inf          (no helmet)
rElec   +            (no cloak)
rCorr   .            (no gloves)
SInv    .            (no boots)
Will    .....        (no amulet)
Stlth   +            (no ring)
HPRegen 0.24/turn    (no ring)
MPRegen 0.09/turn

%: no passive effects
@: about to teleport, constricted
A: sickness immunity, AC +3, negative energy resistance 1, electricity
resistance, torment resistance 1, petrification resistance
a: no special abilities


You were on level 2 of the Dungeon.
You visited 1 branch of the dungeon, and saw 2 of its levels.

You collected 76 gold pieces.
You spent 21 gold pieces at shops.


Innate Abilities, Weirdness & Mutations

You are immune to sickness and miasma.
Your stone body is resilient. (AC +3)
You are immune to poison.
You resist negative energy. (rN+)
You are resistant to electric shocks. (rElec)
You are resistant to unholy torment.
You are immune to petrification.


   Skills:
 - Level 2.1 Fighting
 - Level 4.2 Ranged Weapons
 + Level 0.4 Armour
 - Level 1.5 Dodging
 - Level 1.0 Spellcasting
 - Level 2.6 Hexes


You had 4 spell levels left.
You knew the following spells:

 Your Spells              Type           Power      Damage    Failure   Level
a - Slow                  Hex            32%        N/A       22%         1

Your spell library contained the following spells:

 Spells                   Type           Power      Damage    Failure   Level
 Inner Flame              Hex/Fire       4%         N/A       73%         3
 Portal Projectile        Hex/Tloc       8%         N/A       73%         3
 Cause Fear               Hex            4%         N/A       91%         4

Inventory:

Hand Weapons
 Y - a +1 heavy sling (weapon)
Armour
 f - a +0 ring mail (worn)
 j - a +0 pair of boots
Jewellery
 a - a ring of positive energy
Scrolls
 b - a scroll of amnesia {unknown}
 c - a scroll of enchant armour {unknown}
Potions
 d - a potion of might {unknown}
 e - a potion of attraction {unknown}
 g - a potion of mutation {unknown}
 i - a potion of ambrosia {unknown}

Dungeon Overview and Level Annotations

Branches:
Dungeon (2/15)

Altars:

Shops:
D:1 *

Annotations:
D:2 Terence


Message History

The ball python bites you but does no damage.
The ball python constricts you. Terence completely misses you.
The ball python bites you but does no damage.
The ball python constricts you.
Terence hits you with a +2 mace of draining.
The ball python bites you but does no damage.
The ball python constricts you.
You shoot a sling bullet.
The sling bullet barely misses the ball python.
Terence hits you but does no damage. The ball python barely misses you.
The ball python constricts you.
Terence hits you with a +2 mace of draining!
The ball python bites you but does no damage.
The ball python constricts you.
You shoot a sling bullet.
The sling bullet closely misses the ball python.
The ball python bites you. The ball python constricts you.
Terence closely misses you.
The ball python bites you but does no damage.
The ball python constricts you.
Terence hits you with a +2 mace of draining.
1578 ||| READING scroll of teleportation.
As you read the scroll of teleportation, it crumbles to dust.
You feel strangely unstable.
The ball python bites you but does no damage.
The ball python constricts you.
Terence hits you with a +2 mace of draining.
You shoot a sling bullet. The sling bullet hits the ball python.
The ball python is moderately wounded.
The ball python barely misses you. The ball python constricts you.
Terence hits you but does no damage. The ball python bites you.
The ball python constricts you. Terence hits you but does no damage.
The ball python bites you but does no damage.
The ball python constricts you.
You shoot a sling bullet.
The sling bullet closely misses the ball python.
The ball python bites you but does no damage.
The ball python constricts you. Terence hits you but does no damage.
The ball python bites you.
You die...

##.## ##.##..........##
#.## ##......#.....#
#..## ##.##....#.....##
#.#.###.###..#......(..
#.##.#............##...
#.###..%##...#######..#
..# #.#.##.#.# #..# ..#
#..###.#.# #####..#
..## ##@.##.#.#
#......# .. #@S..#>#.#
#.###.##
#...#.#.#.###.##...#
....###........#.....
#._.# ##.#.###.......
#.... [#...........
#...#. # #.######...#
...### #.#.# ##.##
#.#.# #.##


You could see Terence and a ball python.

Vanquished Creatures
  Jessica (D:2)
  An adder (D:2)
  A worm (D:2)
  A dart slug (D:1)
  5 endoplasms
  3 giant cockroaches
  A goblin (D:2)
  A hobgoblin (D:1)
  7 jackals (D:1)
  3 quokkas
  6 ball pythons
  10 bats
  2 frilled lizards
  2 kobolds (D:1)
  7 rats
51 creatures vanquished.

Notes
Turn   | Place    | Note
-------+----------+-------------------------------------------
     0 | D:1      | qw the Gargoyle Hexslinger began the quest for the Orb.
     0 | D:1      | Reached XP level 1. HP: 12/12 MP: 2/2
     0 | D:1      | 0 ||| qw: Version: 0.3-a-40-ge99b1a8
     0 | D:1      | 0 ||| qw: Game counter: 486
     0 | D:1      | 0 ||| qw: Melee chars always use a shield: true
     0 | D:1      | 0 ||| qw: God list: Okawaru
     0 | D:1      | 0 ||| qw: Allow faded altars: false
     0 | D:1      | 0 ||| qw: Do Orc after clearing Dungeon:15 true
     0 | D:1      | 0 ||| qw: Do second Lair branch before Depths: true
     0 | D:1      | 0 ||| qw: Lair rune preference: random
     0 | D:1      | 0 ||| qw: Goals: Normal
     0 | D:1      | 0 ||| PLANNING D:1-11
    83 | D:1      | Reached XP level 2. HP: 15/16 MP: 3/3
   238 | D:1      | Reached skill level 3 in Ranged Weapons
   321 | D:1      | Reached XP level 3. HP: 15/21 MP: 4/4
   346 | D:1      | Found Yduamn's Assorted Antiques.
   353 | D:1      | 353 ||| SHOPLISTING 2 viscous pink potions (43 gold, have
                  | 25).
   353 | D:1      | 353 ||| BUYING bubbling clear potion (21 gold).
   353 | D:1      | Bought a bubbling clear potion for 21 gold pieces
   353 | D:1      | 353 ||| SHOPLISTING dyed leather armour (120 gold, have 4).
   353 | D:1      | 353 ||| SHOPLISTING ivory wand (96 gold, have 4).
   353 | D:1      | 353 ||| SHOPLISTING scroll labelled ESSURI TAWIDAI (24
                  | gold, have 4).
   353 | D:1      | 353 ||| SHOPLISTING scroll labelled LUVACWALORR (24 gold,
                  | have 4).
   353 | D:1      | 353 ||| SHOPLISTING sedimented emerald potion (21 gold,
                  | have 4).
   353 | D:1      | 353 ||| SHOPLISTING twisted iron ring (120 gold, have 4).
   970 | D:1      | 970 ||| UPGRADING to +0 leather armour.
   980 | D:1      | 980 ||| DROPPING +0 robe.
   981 | D:1      | 981 ||| UPGRADING to +0 ring mail.
   991 | D:1      | 991 ||| DROPPING +0 leather armour.
   992 | D:1      | 992 ||| READING scroll labelled ISMUSO GINEIVI.
   997 | D:1      | 997 ||| READING scroll labelled LUVACWALORR.
   998 | D:1      | 998 ||| DRINKING 2 sedimented emerald potions.
   999 | D:1      | 999 ||| DROPPING scroll of poison.
  1000 | D:1      | 1000 ||| DROPPING potion of magic.
  1188 | D:2      | Identified the +0 chain mail "Iphiv" {Will+}
  1235 | D:2      | Reached XP level 4. HP: 26/26 MP: 5/5
  1438 | D:2      | Noticed Jessica
  1443 | D:2      | Killed Jessica
  1444 | D:2      | Reached skill level 4 in Ranged Weapons
  1567 | D:2      | Found a faded altar of an unknown god.
  1570 | D:2      | Noticed Terence
  1577 | D:2      | HP: 6/26 [Terence/+2 mace of draining (5)]
  1578 | D:2      | 1578 ||| READING scroll of teleportation.
  1579 | D:2      | HP: 2/26 [ball python (1)]
  1580 | D:2      | Slain by a ball python

Levels and vault maps discovered:
D:1:      saegor_arrival_simple_e, layout_loops_cross, serial_shops,
          nicolae_shop_advertising_works [nicolae_subvault_shop_adworks],
          serial_bayou, serial_bayou_lake_a, serial_bayou_shore_b,
          serial_bayou_shore_b, chequers_arboretum, st_stairs_6,
          minmay_close_crescents
D:2:      layout_loops_ring, nicolae_ecumenical_snake_handling,
          grunt_decor_fettered, kennysheep_generic_room_7, uniq_jessica,
          uniq_terence

Skill      XL: |  1  2  3  4 |
---------------+-------------+-----
Ranged Weapons | 3 4 |  4.2
Fighting       | 2 |  2.1
Armour         | |  0.4
Dodging        | |  1.5
Spellcasting   | |  1.0
Hexes          | |  2.6

Action                     |  1- 3 |  4- 6 || total
---------------------------+-------+-------++-------
   Fire: Sling             |   116 |    30 ||   146
    Use: Scroll            |     2 |     1 ||     3
         Potion            |     1 |       ||     1
 Armour: Robe              |    15 |       ||    15
         Ring mail         |    15 |    20 ||    35
  Dodge: Dodged            |    47 |    13 ||    60

Table legend:
 A = Non-vault XP
 B = Vault XP
 C = Vault XP percentage of total XP
 D = Non-vault monster count
 E = Vault monster count
 F = Vault count percentage of total count
                 A         B        C        D         E       F
            +---------+---------+-------+---------+---------+-------
      Total |      81 |      50 |  38.2 |      41 |      10 |  19.6
            +---------+---------+-------+---------+---------+-------
        D:1 |      40 |      10 |  20.0 |      24 |       7 |  22.6
        D:2 |      41 |      40 |  49.4 |      17 |       3 |  15.0
            +---------+---------+-------+---------+---------+-------
